AoeStats
← Deputy Pete Mango

Arena

504854101Analyzed
2v2 RM · 27d ago on Sep 6, 2026· 46m 5s· 4 players
Game mode
Random Map
Map size
Medium (4 player)
Population
200
Speed
Normal
Resources
Standard
Victory
Conquest
Starting age
Dark Age
Ending age
Imperial Age
RankedLock teamsTeams togetherTeam positionsShared explorationLock speedFull tech treeHidden civsTurbo modeCheats
Victory
Defeat
1282
+13
1177
+17
🇺🇸 Khmer · United States
1276
-34
🇺🇸 Turks · United States
1146
-13
Deputy Pete Mango
10:31 Feudal Age
13:21 Castle Age
11:53 Double-Bit Axe
12:27 Horse Collar
15:45 Bow Saw
19:47 Wheelbarrow
19:57 Heavy Plow
20:24 Gold Mining
20:58 Hand Cart
21:23 Stone Mining
22:13 Loom
24:19 Gold Shaft Mining
28:52 Imperial Age
26:52 Fletching
29:35 Imperial Age
27:32 Scale Barding Armor
27:37 Forging
26:50 Light Cavalry
28:23 Bloodlines
28:13 Husbandry
33:30 Heavy Scorpion
35:17 Capped Ram
36:39 Hussar
38:00 Devotion
41:44 Chain Barding Armor
42:00 Iron Casting
45:08 Pikeman
45:49 Scale Mail Armor
Legitkiller354
10:43 Feudal Age
11:11 Horse Collar
12:35 Double-Bit Axe
15:03 Loom
18:18 Castle Age
16:36 Gold Mining
18:51 Wheelbarrow
18:06 Town Watch
18:32 Fletching
18:42 Padded Archer Armor
21:55 Leather Archer Armor
23:16 Gold Shaft Mining
22:54 Bow Saw
29:12 Imperial Age
29:03 Bloodlines
29:14 Husbandry
29:32 Scale Mail Armor
31:38 Town Patrol
32:04 Conscription
32:24 Hand Cart
32:33 Artillery
33:12 Heavy Plow
34:12 Elite Janissary
35:47 Ring Archer Armor
37:04 Bodkin Arrow
37:26 Scale Barding Armor
44:41 Fortified Wall
44:45 Squires
45:04 Chain Mail Armor
46:53 Chain Barding Armor
youtube.com/@Radio_Latex
3:48 Double-Bit Axe
11:26 Feudal Age
9:38 Horse Collar
15:45 Castle Age
14:37 Bow Saw
15:21 Heavy Plow
15:44 Loom
16:12 Gold Mining
15:55 Light Cavalry
20:43 Sanctity
23:50 Redemption
23:06 Pikeman
31:40 Imperial Age
29:04 Cavalier
29:56 Scale Barding Armor
33:44 Wheelbarrow
34:30 Block Printing
35:18 Chemistry
33:57 Halberdier
34:40 Scale Mail Armor
34:02 Hussar
35:13 Conscription
34:55 Arson
35:11 Squires
40:51 Chain Barding Armor
43:11 Plate Barding Armor
45:29 Chain Mail Armor
Gros_fié_des_familles
10:59 Feudal Age
14:44 Castle Age
12:58 Double-Bit Axe
16:47 Loom
24:04 Bloodlines
24:10 Forging
27:03 Wheelbarrow
27:32 Husbandry
28:57 Hand Cart
29:03 Bow Saw
30:00 Scale Barding Armor
34:20 Imperial Age
33:07 Gold Mining
35:06 Chain Barding Armor
35:22 Iron Casting
34:51 Cavalier
36:10 Conscription
36:29 Horse Collar
41:47 Plate Barding Armor
42:13 Blast Furnace
43:43 Heavy Plow
44:47 Two-Man Saw
45:08 Heated Shot
45:39 Ballistics
46:20 Chemistry
46:09 Fletching
46:20 Padded Archer Armor
Connection lost

Rejoining the realm…

Still unreachable

The connection could not be restored.

Session expired

The server has moved on; the page needs a fresh start.